 Dungeon Crawl Stone Soup version 0.27-a0-1500-g450c7e4133 (webtiles) character file.

Game seed: 9800506558089154164

86 dickylongcocking the Magician (level 4, -7/31 HPs)
             Began as a Djinni Fire Elementalist on July 8, 2021.
             Killed by miscasting Sticky Flame (13 damage)
             ... on level 3 of the Dungeon.
             The game lasted 00:03:24 (4225 turns).

dickylongcocking the Magician (DjFE)                Turns: 4225, Time: 00:03:25

Health: -7/31      AC:  3    Str:  7    XL:     4   Next: 78%
Gold:   87         EV: 11    Int: 18    God:
                   SH:  0    Dex: 13

rFire    + + .     SeeInvis .   j - staff of air
rCold    x . .     Faith    .   (no shield)
rNeg     . . .     Spirit   .   g - +0 leather armour
rPois    ∞         Reflect  .   (no helmet)
rElec    +         Harm     .   (no cloak)
rCorr    .         Rampage  .   (no gloves)
Will     .....                  (boots unavailable)
Stlth    ++........             (no amulet)
HPRegen  0.10/turn              (no ring)
MPRegen  0.00/turn              (no ring)

@: flying, very slightly contaminated
A: sickness immunity, fire resistance 2, cold vulnerability 1, float, innate
caster, hp casting, extra vitality 1
a: no special abilities


You were on level 3 of the Dungeon.
You visited 1 branch of the dungeon, and saw 3 of its levels.

You collected 87 gold pieces.

Inventory:

Hand Weapons
 i - a +0 dagger
Armour
 a - a +0 robe
 g - a +0 leather armour (worn)
Magical Staves
 j - a staff of air (weapon)
Jewellery
 b - an amulet of magic regeneration
Scrolls
 c - a scroll of magic mapping {unknown}
 d - a scroll of identify {unknown}
 e - a scroll of noise {unknown}
 h - a scroll of teleportation {unknown}
Potions
 f - a potion of attraction {unknown}


   Skills:
 + Level 0.1 Short Blades
 + Level 1.4 Armour
 + Level 2.4 Dodging
 + Level 1.6 Stealth
 + Level 3.6 Spellcasting


You couldn't memorise any spells.
You knew the following spells:

 Your Spells              Type           Power      Damage    Failure   Level
a - Foxfire               Conj/Fire      64%        2x1d7     4%          1
b - Conjure Flame         Conj/Fire      16%        6-21      16%         3
c - Inner Flame           Hex/Fire       16%        N/A       16%         3
d - Sticky Flame          Conj/Fire      16%        2d4       45%         4
e - Fireball              Conj/Fire      8%         3d6       80%         5
f - Summon Small Mammal   Summ           64%        N/A       4%          1
Your spell library was empty.

Dungeon Overview and Level Annotations

Branches:
Dungeon (3/15)

Altars:

Shops:
D:2 *


Innate Abilities, Weirdness & Mutations

You are immune to sickness and miasma.
You are immune to poison.
Your flesh is very heat resistant. (rF++)
You are vulnerable to cold. (rC-)
You float through the air rather than walking.
You learn spells naturally, not from books.
Your magical power is your life essence.
You have superior vitality. (+4 HP)


Message History

The quokka closely misses you. The quokka barely misses your bat.
What are your orders? t - Shout!
Orders for allies: a - Attack new target. p - Attack previous target. r - Retreat! s - Stop attacking. g - Guard the area. f - Follow me.
Anything else - Cancel.
Gang up on whom?
Press: ? - help, Dir - move target, f - quokka, p - bat
Aim: a quokka Attack!
Your bat hits the quokka.
Unknown command.
You closely miss the quokka.
The quokka is lightly wounded.
Your bat closely misses the quokka. x3
The quokka bites you but does no damage.
The quokka barely misses you.
Your bat barely misses the quokka.
Casting: Inner Flame (quite dangerous; 16% risk of failure)
Confirm with . or Enter, or press ? or * to list all spells.
The spell is potentially lethal to cast (45% risk of failure)!
Continue anyway?
Aiming: Sticky Flame (potentially lethal; 45% risk of failure)
Press: ? - help, Shift-Dir - straight line, f/p - quokka
Aim: a quokka (lightly wounded, ally target, 100% to hit)
You miscast Sticky Flame.
You feel a strange surge of energy!
Your bat misses the quokka. The quokka closely misses you.
Unknown command.
Unknown command.
Your bat closely misses the quokka.
The quokka closely misses you.
Casting: Sticky Flame (potentially lethal; 45% risk of failure)
Confirm with . or Enter, or press ? or * to list all spells.
The spell is potentially lethal to cast (45% risk of failure)!
Continue anyway?
Aiming: Sticky Flame (potentially lethal; 45% risk of failure)
Press: ? - help, Shift-Dir - straight line, f/p - quokka
Aim: a quokka (ally target, 100% to hit)
You miscast Sticky Flame.
The air around you crackles with energy!
You die...

#.......#
#.......#
#..##...###
##.# #...##
#.# ####.#
...# ##.##
#.###.##
#.#.## #.@#
##r# ######
#b#
#.....##.#
.........#
....#.#..#
. # #..#
#$.#
#......#


You could see a quokka (ally target) and a friendly bat (summoned, inner flame).

Vanquished Creatures
  4 adders (D:2)
  A worm (D:2)
  3 bats
  7 endoplasms
  A giant cockroach (D:2)
  4 goblins
  A hobgoblin (D:1)
  5 jackals
  4 kobolds
  3 quokkas
  5 ball pythons
  2 frilled lizards (D:1)
  4 rats
44 creatures vanquished.

Vanquished Creatures (collateral kills)
  A jackal (D:2)
1 creature vanquished.

Vanquished Creatures (others)
  165 foxfires
  A plant (D:3)
166 creatures vanquished.

Grand Total: 211 creatures vanquished

Notes
Turn   | Place    | Note
-------+----------+-------------------------------------------
     0 | D:1      | dickylongcocking the Djinni Fire Elementalist began the
                  | quest for the Orb.
     0 | D:1      | Reached XP level 1. HP: 15/15 MP: 0/0
   347 | D:1      | Reached XP level 2. HP: 8/21 MP: 0/0
  1180 | D:1      | Found a faded altar of an unknown god.
  1306 | D:1      | Reached skill level 3 in Spellcasting
  1522 | D:1      | Reached XP level 3. HP: 22/25 MP: 0/0
  1522 | D:1      | Learned a level 1 spell: Summon Small Mammal
  2015 | D:2      | HP: 1/25 [quokka (2)]
  2437 | D:2      | Found Qoanocza's Assorted Antiques.
  2925 | D:2      | Reached XP level 4. HP: 28/31 MP: 0/0
  3017 | D:2      | Reached skill level 1 in Armour
  4225 | D:3      | Killed by miscasting Sticky Flame

Illustrated notes

Levels and vault maps discovered:
D:1:      lightli_arrival_chessboard, layout_rooms,
          chequers_ecumenical_altar_grove
D:2:      layout_loops_corners, serial_shops, shop, kennysheep_doodads
D:3:      layout_loops_corners, general_overflow_altar, serial_bayou_lake_a

Skill      XL: |  1  2  3  4 |
---------------+-------------+-----
Spellcasting   | 3 |  3.6
Armour         | 1 |  1.4
Short Blades   | |  0.1
Dodging        | |  2.4
Stealth        | |  1.6

Action                   |  1- 3 |  4- 6 || total
-------------------------+-------+-------++-------
Melee: Unarmed           |     8 |       ||     8
       Dagger            |     5 |    15 ||    20
       Staff             |       |     1 ||     1
 Cast: Foxfire           |    96 |    14 ||   110
       Summon Small Mamm |       |     6 ||     6
       Inner Flame       |       |     4 ||     4
 Stab: Sleeping          |     1 |     2 ||     3
Armor: Robe              |     2 |       ||     2
       Leather armour    |     2 |     5 ||     7
Dodge: Dodged            |    22 |    23 ||    45

Table legend: (Time is in decaauts)
 A = Elapsed time spent in this place.
 B = Non-inter-level travel time spent in this place.
 C = Inter-level travel time spent in this place.
 D = Time resting spent in this place.
 E = Time spent auto-exploring this place.
 F = Levels seen in this place.
 G = Mean time per level.
                   A        B        C        D        E       F      G
               +--------+--------+--------+--------+--------+-----+--------+
         Total |   4223 |   4143 |     80 |    747 |   3027 |   3 | 1407.7 |
       Dungeon |   4223 |   4143 |     80 |    747 |   3027 |   3 | 1407.7 |
               +--------+--------+--------+--------+--------+-----+--------+

Top non-repeatable levels by time:
     D:2: 2257 daAuts
     D:1: 1931 daAuts
     D:3: 34 daAuts
